 Dungeon Crawl Stone Soup version 0.27-a0-1184-ge86db4a01e (webtiles) character file.

Game seed: 3372438665406926565

1885 Hasart the Frost Mage (level 9, -1/45 HPs)
             Began as a Kobold Ice Elementalist on May 18, 2021.
             Slain by a slime creature (14 damage)
             ... on level 5 of the Dungeon.
             The game lasted 00:14:43 (6455 turns).

Hasart the Frost Mage (Kobold Ice Elementalist)     Turns: 6455, Time: 00:14:44

Health: -1/45      AC:  6    Str:  5    XL:     9   Next: 36%
Magic:  16/16      EV: 17    Int: 22    God:
Gold:   77         SH:  0    Dex: 16    Spells: 12/18 levels left

rFire    . . .     SeeInvis .   s - +7 dagger (vamp)
rCold    . . .     Faith    .   (shield restricted)
rNeg     + . .     Spirit   .   a - +0 robe
rPois    .         Reflect  .   n - +1 helmet {Int+3}
rElec    .         Harm     .   p - +0 cloak
rCorr    .         Rampage  .   A - +0 pair of gloves
Will     +....                  (no boots)
Stlth    +++++.....             (no amulet)
HPRegen  0.15/turn              q - ring of positive energy
MPRegen  0.15/turn              y - ring of willpower

@: no status effects
A: small, no large weapons, nightstalker 3
a: no special abilities


You were on level 5 of the Dungeon.
You visited 1 branch of the dungeon, and saw 5 of its levels.

You collected 294 gold pieces.
You spent 217 gold pieces at shops.

Inventory:

Hand Weapons
 s - a +7 vampiric dagger (weapon)
 t - a +1 whip of electrocution
Missiles
 l - 7 curare-tipped darts (quivered)
Armour
 a - a +0 robe (worn)
 n - a +1 helmet of intelligence (worn)
 p - a +0 cloak (worn)
 A - a +0 pair of gloves (worn)
Jewellery
 q - a ring of positive energy (left hand)
 y - a ring of willpower (right hand)
Wands
 r - a wand of acid (5)
 z - a wand of polymorph (11)
Scrolls
 b - 2 scrolls of fear {unknown}
 c - 3 scrolls of identify {unknown}
 d - a scroll of holy word {unknown}
 f - a scroll of summoning {unknown}
 g - a scroll of fog {unknown}
 h - a scroll of enchant armour {unknown}
 i - a scroll of magic mapping {unknown}
 j - a scroll of acquirement {unknown}
 k - 2 scrolls of teleportation
 m - a scroll of silence {unknown}
 o - a scroll of vulnerability {unknown}
 u - a scroll of blinking {unknown}
 v - a scroll of amnesia {unknown}
 x - 2 scrolls of enchant weapon {unknown}
Potions
 e - 2 potions of heal wounds {unknown}
 w - a potion of haste {unknown}


   Skills:
 + Level 6.1 Dodging
 + Level 7.2 Stealth
 + Level 5.2 Spellcasting
 + Level 4.1 Conjurations
 * Level 8.0 Ice Magic


You had 12 spell levels left.
You knew the following spells:

 Your Spells              Type           Power      Damage    Failure   Level
a - Freeze                Ice            100%       1d11      1%          1
b - Frozen Ramparts       Ice            82%        1d10      1%          3
c - Searing Ray           Conj           48%        3d5       2%          2

Your spell library contained the following spells:

 Spells                   Type           Power      Damage    Failure   Level
 Magic Dart               Conj           96%        1d7       1%          1
 Ozocubu's Armour         Ice            41%        N/A       1%          3
 Hailstorm                Conj/Ice       32%        3d8       9%          4
 Dazzling Flash           Conj/Hex       28%        N/A       13%         3
 Fulminant Prism          Conj/Hex       7%         3d7       38%         4
 Iskenderun's Mystic Bla  Conj/Tloc      14%        2d5       38%         4
 Metabolic Englaciation   Hex/Ice        11%        N/A       47%         5


Dungeon Overview and Level Annotations

Branches:
Dungeon (5/15)
 Temple: D:4-7

Altars:
Cheibriados
Gozag
Nemelex Xobeh
Wu Jian

Shops:
D:1 (   D:4 [   D:5 ?


Innate Abilities, Weirdness & Mutations

You are small and have problems with some larger weapons.
You are completely attuned to the shadows.


Message History

Press: ? - help, Dir - look around, f - activate The walls around you are covered in ice.
The wall freezes the endoplasm.
The endoplasm freezes you.
You are frozen.
The wall freezes the slime creature.
Unknown command.
You hit the endoplasm.
The endoplasm is almost dead.
The wall freezes the endoplasm.
You kill the endoplasm!
The wall freezes the slime creature.
The wall freezes the endoplasm.
You kill the endoplasm!
Unknown command.
You hit the slime creature.
The slime creature is lightly wounded.
The wall freezes the slime creature!
The slime creature hits you!
Unknown command.
You completely miss the slime creature.
The slime creature is moderately wounded.
The wall freezes the slime creature!
The slime creature barely misses you.
Unknown command.
Casting: Frozen Ramparts (safe; 1% risk of failure)
Confirm with . or Enter, or press ? or * to list all spells.
Aiming: Searing Ray (safe; 2% risk of failure)
Press: ? - help, Shift-Dir - straight line, f - slime creature
Aim: a slime creature (moderately wounded, 95% to hit)
The searing ray misses the slime creature. (Press . to maintain the ray.)
The wall freezes the slime creature.
The slime creature hits you!
* * * LOW HITPOINT WARNING * * *
Your frozen ramparts will break if you move.
Continue?
The frozen ramparts melt away as you move.
There is an open door here.
There is an open gate here.
You see here a +0 dagger.
Items here: (( )))).
The slime creature jiggles.
There is an open door here.
The slime creature hits you!
You die...

##.##....#######.########.......#
...##....# #.......# #.......#
#####....# #.......###.......#
#....# ####..............####
#....# #.................# #....#
#........##.......# #....#
#.......∩##.......# ######
#....J#'###.......#
#....@#..######'### ###
#.....#..## #.# ..#####
#.....#...#####.### ...##.#
#.....#.......#...# ....'.##
#.....#.......#...#
...)').#####.....#.......#...#
....()(..........#.......#...#
...##.#..........#.###+###...#
..#####............# #.###...#


You could see a slime creature.

Vanquished Creatures
  Pikel (D:4)
  Eustachio (D:5)
  An orc warrior (D:5)
  2 black bears
  A phantom (D:3)
  3 lemures (D:4)
  3 kobold brigands (D:5)
  A wyvern zombie (D:4)
  2 scorpions
  A water moccasin skeleton (D:5)
  A howler monkey (D:4)
  A centaur zombie (D:5)
  A jelly (D:5)
  A bullfrog zombie (D:5)
  A hound (D:5)
  An orc priest (D:4)
  Ijyb (D:4)
  2 iguanas
  3 orc wizards
  A scorpion zombie (D:5)
  5 adders
  2 worms (D:3)
  2 dart slugs
  7 orcs
  13 endoplasms
  6 hobgoblins
  17 jackals
  9 kobolds
  6 quokkas
  10 ball pythons
  2 bats
  5 frilled lizards
  7 goblins
  A rat (D:3)
121 creatures vanquished.

Vanquished Creatures (others)
  9 plants (D:3)
  6 toadstools (D:5)
15 creatures vanquished.

Grand Total: 136 creatures vanquished

Notes
Turn   | Place    | Note
-------+----------+-------------------------------------------
     0 | D:1      | Hasart the Kobold Ice Elementalist began the quest for the
                  | Orb.
     0 | D:1      | Reached XP level 1. HP: 10/10 MP: 3/3
   171 | D:2      | Reached XP level 2. HP: 15/15 MP: 1/5
   334 | D:1      | Reached XP level 3. HP: 19/19 MP: 3/6
   965 | D:1      | Found Ewnuget's Antique Weapon Boutique.
  1312 | D:2      | Reached XP level 4. HP: 24/24 MP: 7/7
  1344 | D:2      | Learned a level 3 spell: Frozen Ramparts
  1347 | D:2      | Learned a level 2 spell: Searing Ray
  2385 | D:3      | Reached XP level 5. HP: 22/28 MP: 0/9
  2588 | D:3      | Noticed a phantom
  2638 | D:3      | Killed a phantom
  2639 | D:3      | Reached skill level 1 in Conjurations
  2639 | D:3      | Reached skill level 5 in Ice Magic
  2842 | D:3      | Reached XP level 6. HP: 32/32 MP: 10/10
  2956 | D:3      | Noticed a black bear
  2962 | D:3      | Killed a black bear
  3330 | D:3      | Found a snail-covered altar of Cheibriados.
  3813 | D:4      | Found an ornate altar of the Wu Jian Council.
  3815 | D:4      | Noticed Ijyb
  3821 | D:4      | Killed Ijyb
  3822 | D:4      | Reached XP level 7. HP: 32/36 MP: 6/12
  3969 | D:4      | Found Ihuurroli's Armour Emporium.
  3972 | D:4      | Bought a +1 helmet of intelligence for 181 gold pieces
  4127 | D:4      | Noticed Pikel
  4134 | D:4      | Killed Pikel
  4135 | D:4      | Reached skill level 5 in Stealth
  4135 | D:4      | Reached skill level 6 in Ice Magic
  4135 | D:4      | Reached XP level 8. HP: 29/41 MP: 3/14
  4397 | D:4      | Reached skill level 5 in Dodging
  4797 | D:4      | Found an opulent altar of Gozag.
  4797 | D:4      | Found a sparkling altar of Nemelex Xobeh.
  5007 | D:5      | Entered Level 5 of the Dungeon
  5072 | D:5      | Reached skill level 7 in Ice Magic
  5279 | D:5      | Found Jellyf's Magic Scroll Emporium.
  5292 | D:5      | Reached XP level 9. HP: 29/45 MP: 9/16
  5397 | D:5      | Bought a scroll of teleportation for 36 gold pieces
  5504 | D:5      | Reached skill level 5 in Spellcasting
  5913 | D:5      | Noticed Eustachio
  5922 | D:5      | Killed Eustachio
  6404 | D:5      | Noticed a slime creature
  6406 | D:5      | Reached skill level 8 in Ice Magic
  6455 | D:5      | Slain by a slime creature

Illustrated notes

Levels and vault maps discovered:
D:1:      lightli_arrival_lavapool, layout_loops_ring, serial_shops,
          nicolae_shop_crystal
D:2:      layout_loops_cross
D:3:      layout_loops_ring, slow_altar_2, serial_bayou_lagoon_b
D:4:      layout_loops_ring, grunt_temple_overflow_opulence,
          nicolae_wu_jian_wuxing_cycle, serial_shops, kennysheep_mini,
          uniq_ijyb, uniq_pikel
D:5:      cheibrodos_fertilizer, layout_basic, serial_shops, shop,
          uniq_eustachio

Skill      XL: |  1  2  3  4  5  6  7  8  9 |
---------------+----------------------------+-----
Stealth        | 3 4 5 6 7 |  7.2
Dodging        | 3 4 5 6 |  6.1
Spellcasting   | 3 4 5 |  5.2
Conjurations   | 1 2 3 4 |  4.1
Ice Magic      | 5 6 7 8 |  8.0

Action                   |  1- 3 |  4- 6 |  7- 9 || total
-------------------------+-------+-------+-------++-------
Melee: Unarmed           |     1 |       |       ||     1
       Dagger            |    17 |    33 |    82 ||   132
 Cast: Freeze            |    30 |    46 |     8 ||    84
       Frozen Ramparts   |       |     5 |    10 ||    15
       Searing Ray       |       |     5 |     8 ||    13
 Stab: Sleeping          |    12 |     9 |     6 ||    27
       Distracted        |       |     1 |       ||     1
Armor: Robe              |     3 |     9 |    18 ||    30
Dodge: Dodged            |    36 |    61 |    91 ||   188

Table legend: (Time is in decaauts)
 A = Elapsed time spent in this place.
 B = Non-inter-level travel time spent in this place.
 C = Inter-level travel time spent in this place.
 D = Time resting spent in this place.
 E = Time spent auto-exploring this place.
 F = Levels seen in this place.
 G = Mean time per level.
                   A        B        C        D        E       F      G
               +--------+--------+--------+--------+--------+-----+--------+
         Total |   6472 |   6237 |    235 |    390 |   4828 |   5 | 1294.4 |
       Dungeon |   6472 |   6237 |    235 |    390 |   4828 |   5 | 1294.4 |
               +--------+--------+--------+--------+--------+-----+--------+

Top non-repeatable levels by time:
     D:3: 1450 daAuts
     D:5: 1388 daAuts
     D:4: 1370 daAuts
     D:2: 1241 daAuts
     D:1: 1022 daAuts
